| TOP OF THE 1ST |
|
West Michigan Whitecaps batting - Pitching for Cedar Rapids Kernels : RHP Jason Stout
|
|
Pitching: RHP Jason Stout
|
|
|
Batting: RHB Scott Carr
|
0-0: Ball 1-0: Ball 2-0: Swinging Strike 2-1: Foul Ball, location: 2F 2-2: Strikes out swinging
|
|
Batting: LHB George Moran
|
0-0: Ball 1-0: SINGLE (Groundball, 34S, EV 70.6 MPH) (infield hit)
|
|
Batting: LHB Dave Carlisle
|
0-0: Ball George Moran steals 2nd base 1-0: Foul Ball, location: 2F 1-1: Ball 2-1: Ball 3-1: Called Strike 3-2: SINGLE (Flyball, 6D, EV 89.4 MPH) George Moran to third
|
|
Batting: LHB Jamie Christian
|
0-0: Ground out 4-3 (Groundball, 4S, EV 65.0 MPH) George Moran scores Dave Carlisle to second
|
|
Batting: RHB Jon Goldstein
|
0-0: Called Strike 0-1: Called Strike 0-2: Fly out, F8 (Flyball, 8RM, EV 95.6 MPH)
|
| Top of the 1st over - 1 run, 2 hits, 0 errors, 1 left on base; West Michigan 1 - Cedar Rapids 0 |
| BOTTOM OF THE 1ST |
|
Cedar Rapids Kernels batting - Pitching for West Michigan Whitecaps : RHP Rich Nunez
|
|
Pitching: RHP Rich Nunez
|
|
|
Batting: RHB Pat Adams
|
0-0: Ball 1-0: Ball 2-0: Called Strike 2-1: Ball 3-1: DOUBLE (Line Drive, 9LS, EV 110.0 MPH)
|
|
Batting: RHB Alexandre Garcia
|
0-0: 2-RUN HOME RUN (Line Drive, 78XD, EV 115.0 MPH), Distance : 429 ft
|
|
Batting: LHB Tomas Espino
|
0-0: Ball 1-0: Ball 2-0: Foul Ball, location: 2F 2-1: Swinging Strike 2-2: Ball 3-2: Ground out 5-3 (Groundball, 56, EV 90.0 MPH)
|
|
Batting: LHB Jon Ventura
|
0-0: Called Strike 0-1: DOUBLE (Line Drive, 9LM, EV 111.9 MPH)
|
|
Batting: LHB Brian Wagner
|
0-0: Swinging Strike 0-1: Foul Ball, location: 2F 0-2: Ball 1-2: Ball 2-2: Foul Ball, location: 2F 2-2: Foul Ball, location: 2F 2-2: Foul Ball, location: 2F 2-2: Ball 3-2: Reached on error, E3 (Groundball, 3L, EV 90.0 MPH) Jon Ventura to third
|
|
Batting: LHB Marvin Shepherd
|
0-0: Called Strike 0-1: Fly out, F6 (Popup, 15, EV 75.6 MPH)
|
|
Batting: RHB Steve Terrell
|
0-0: Called Strike 0-1: Swinging Strike 0-2: Ball 1-2: Strikes out swinging
|
| Bottom of the 1st over - 2 runs, 3 hits, 1 error, 2 left on base; West Michigan 1 - Cedar Rapids 2 |
| TOP OF THE 2ND |
|
West Michigan Whitecaps batting - Pitching for Cedar Rapids Kernels : RHP Jason Stout
|
|
Batting: LHB Brad Gaskill
|
0-0: Swinging Strike 0-1: Ball 1-1: Fly out, F8 (Flyball, 78S, EV 76.2 MPH)
|
|
Batting: RHB German Quiroga
|
0-0: Ball 1-0: Ball 2-0: Ball 3-0: Called Strike 3-1: Base on Balls
|
|
Batting: RHB Joe Zimmerman
|
0-0: Ball 1-0: Called Strike 1-1: Ball 2-1: Foul Ball, location: 2F 2-2: Ball 3-2: Foul Ball, location: 2F 3-2: Reached on error, E1 (Groundball, 15S, EV 74.4 MPH) German Quiroga to second
|
|
Batting: LHB Steve Herrera
|
0-0: Ball 1-0: Foul Ball, location: 2F 1-1: Swinging Strike 1-2: Ball 2-2: Strikes out swinging
|
|
Batting: RHB Scott Carr
|
0-0: Foul Ball, location: 2F 0-1: Ball 1-1: Ball 2-1: Fielders Choice at 2nd, 6-4 (Groundball, 6, EV 105.6 MPH)
|
| Top of the 2nd over - 0 runs, 0 hits, 1 error, 2 left on base; West Michigan 1 - Cedar Rapids 2 |
| BOTTOM OF THE 2ND |
|
Cedar Rapids Kernels batting - Pitching for West Michigan Whitecaps : RHP Rich Nunez
|
|
Batting: RHB Rick Kendall
|
0-0: Called Strike 0-1: Foul Ball, location: 2F 0-2: Hit by Pitch
|
|
Batting: RHB Jeremy Witt
|
0-0: Foul Ball, location: 2F 0-1: Ball 1-1: Ball 2-1: Called Strike 2-2: SINGLE (Groundball, 6MD, EV 101.9 MPH) Rick Kendall to second
|
|
Batting: RHB Pat Adams
|
0-0: Ball 1-0: Ball 2-0: Fielders Choice at 2nd, 6-4 (Groundball, 6S, EV 89.4 MPH) Rick Kendall to third
|
|
Batting: RHB Alexandre Garcia
|
0-0: Ball 1-0: Foul Ball, location: 2F 1-1: Ball 2-1: Swinging Strike 2-2: Ball 3-2: SINGLE (Groundball, 6S, EV 66.9 MPH) (infield hit) Rick Kendall scores Pat Adams to second
|
|
Batting: LHB Tomas Espino
|
0-0: Called Strike 0-1: Fly out, F9 (Line Drive, 89M, EV 105.0 MPH)
|
|
Batting: LHB Jon Ventura
|
0-0: Ball 1-0: Called Strike 1-1: Ground out 4-3 (Groundball, P, EV 93.1 MPH)
|
| Bottom of the 2nd over - 1 run, 2 hits, 0 errors, 2 left on base; West Michigan 1 - Cedar Rapids 3 |
| TOP OF THE 3RD |
|
West Michigan Whitecaps batting - Pitching for Cedar Rapids Kernels : RHP Jason Stout
|
|
Batting: LHB George Moran
|
0-0: Ball 1-0: Fly out, F9 (Flyball, 9, EV 97.5 MPH)
|
|
Batting: LHB Dave Carlisle
|
0-0: Foul Ball, location: 2F 0-1: Ground out 5-3 (Groundball, 56, EV 83.1 MPH)
|
|
Batting: LHB Jamie Christian
|
0-0: Ball 1-0: Ground out 3-1 (Groundball, 34S, EV 83.1 MPH)
|
| Top of the 3rd over - 0 runs, 0 hits, 0 errors, 0 left on base; West Michigan 1 - Cedar Rapids 3 |
| BOTTOM OF THE 3RD |
|
Cedar Rapids Kernels batting - Pitching for West Michigan Whitecaps : RHP Rich Nunez
|
|
Batting: LHB Brian Wagner
|
0-0: Ball 1-0: Foul Ball, location: 2F 1-1: Ground out 4-3 (Groundball, 4, EV 106.9 MPH)
|
|
Batting: LHB Marvin Shepherd
|
0-0: Ball 1-0: Ball 2-0: SINGLE (Groundball, 6S, EV 70.6 MPH) (infield hit)
|
|
Batting: RHB Steve Terrell
|
0-0: Ball 1-0: Called Strike 1-1: Grounds into double play, 6-4-3 (Groundball, 6, EV 86.9 MPH)
|
| Bottom of the 3rd over - 0 runs, 1 hit, 0 errors, 0 left on base; West Michigan 1 - Cedar Rapids 3 |
| TOP OF THE 4TH |
|
West Michigan Whitecaps batting - Pitching for Cedar Rapids Kernels : RHP Jason Stout
|
|
Batting: RHB Jon Goldstein
|
0-0: Ball 1-0: Ground out 6-3 (Groundball, 6, EV 86.2 MPH)
|
|
Batting: LHB Brad Gaskill
|
0-0: Ball 1-0: Foul Ball, location: 2F 1-1: Ball 2-1: Ground out 4-3 (Groundball, 4, EV 77.5 MPH)
|
|
Batting: RHB German Quiroga
|
0-0: Ground out 6-3 (Groundball, 6, EV 81.9 MPH)
|
| Top of the 4th over - 0 runs, 0 hits, 0 errors, 0 left on base; West Michigan 1 - Cedar Rapids 3 |
| BOTTOM OF THE 4TH |
|
Cedar Rapids Kernels batting - Pitching for West Michigan Whitecaps : RHP Rich Nunez
|
|
Batting: RHB Rick Kendall
|
0-0: Called Strike 0-1: Fly out, F9 (Flyball, 9S, EV 83.1 MPH)
|
|
Batting: RHB Jeremy Witt
|
0-0: Ball 1-0: Swinging Strike 1-1: Ball 2-1: Swinging Strike 2-2: Foul Ball, location: 2F 2-2: Ground out 1-3 (Groundball, 13S, EV 73.1 MPH)
|
|
Batting: RHB Pat Adams
|
0-0: Ball 1-0: DOUBLE (Groundball, 5L, EV 105.0 MPH)
|
|
Batting: RHB Alexandre Garcia
|
0-0: Ball 1-0: Ball 2-0: Ball 3-0: Called Strike 3-1: Foul Ball, location: 2F 3-2: Base on Balls
|
|
Batting: LHB Tomas Espino
|
0-0: Ball 1-0: SINGLE (Line Drive, 6M, EV 95.6 MPH) Pat Adams to third Alexandre Garcia to second Runner from 3rd tries for Home, SAFE, throw by CF to home
|
|
Batting: LHB Jon Ventura
|
0-0: Ball 1-0: Swinging Strike 1-1: Called Strike 1-2: Foul Ball, location: 2F 1-2: Ball 2-2: Foul Ball, location: 2F 2-2: Strikes out looking
|
| Bottom of the 4th over - 1 run, 2 hits, 0 errors, 2 left on base; West Michigan 1 - Cedar Rapids 4 |
| TOP OF THE 5TH |
|
West Michigan Whitecaps batting - Pitching for Cedar Rapids Kernels : RHP Jason Stout
|
|
Batting: RHB Joe Zimmerman
|
0-0: Called Strike 0-1: Called Strike 0-2: Foul Ball, location: 2F 0-2: Ball 1-2: SINGLE (Line Drive, 7S, EV 98.1 MPH)
|
|
Batting: LHB Steve Herrera
|
0-0: Swinging Strike 0-1: Called Strike 0-2: Ball Joe Zimmerman is caught stealing 2nd base 2-6 1-2: Strikes out swinging
|
|
Batting: RHB Scott Carr
|
0-0: Called Strike 0-1: Swinging Strike 0-2: Strikes out swinging
|
| Top of the 5th over - 0 runs, 1 hit, 0 errors, 0 left on base; West Michigan 1 - Cedar Rapids 4 |
| BOTTOM OF THE 5TH |
|
Cedar Rapids Kernels batting - Pitching for West Michigan Whitecaps : RHP Rich Nunez
|
|
Batting: LHB Brian Wagner
|
0-0: Ball 1-0: Ball 2-0: Ball 3-0: Base on Balls
|
|
Batting: LHB Marvin Shepherd
|
0-0: Swinging Strike 0-1: 2-RUN HOME RUN (Flyball, 9D, EV 96.9 MPH), Distance : 389 ft
|
|
Pitching: RHP Jorge Castaneda
|
|
|
Batting: RHB Steve Terrell
|
0-0: Swinging Strike 0-1: Foul Ball, location: 2F 0-2: Ball 1-2: Strikes out swinging
|
|
Batting: RHB Rick Kendall
|
0-0: Swinging Strike 0-1: Called Strike 0-2: Ball 1-2: Ball 2-2: Strikes out swinging
|
|
Batting: RHB Jeremy Witt
|
0-0: Called Strike 0-1: Ball 1-1: SINGLE (Groundball, 34D, EV 96.2 MPH)
|
|
Batting: RHB Pat Adams
|
0-0: Ball 1-0: Ball 2-0: Ball 3-0: Base on Balls Jeremy Witt to second
|
|
Batting: RHB Alexandre Garcia
|
0-0: Called Strike 0-1: Ground out 5-3 (Groundball, 56S, EV 81.2 MPH)
|
| Bottom of the 5th over - 2 runs, 2 hits, 0 errors, 2 left on base; West Michigan 1 - Cedar Rapids 6 |
| TOP OF THE 6TH |
|
West Michigan Whitecaps batting - Pitching for Cedar Rapids Kernels : RHP Jason Stout
|
|
Batting: LHB George Moran
|
0-0: Ball 1-0: Ball 2-0: Ball 3-0: Base on Balls
|
|
Batting: LHB Dave Carlisle
|
0-0: Fly out, F9 (Flyball, 9, EV 92.5 MPH)
|
|
Batting: LHB Jamie Christian
|
0-0: Called Strike George Moran is caught stealing 2nd base 2-6 0-1: Foul Ball, location: 2F 0-2: Ball 1-2: Strikes out swinging
|
| Top of the 6th over - 0 runs, 0 hits, 0 errors, 0 left on base; West Michigan 1 - Cedar Rapids 6 |
| BOTTOM OF THE 6TH |
|
Cedar Rapids Kernels batting - Pitching for West Michigan Whitecaps : RHP Jorge Castaneda
|
|
Batting: LHB Tomas Espino
|
0-0: Foul Ball, location: 2F 0-1: Ball 1-1: Called Strike 1-2: Fly out, F7 (Flyball, 78XD, EV 76.9 MPH)
|
|
Batting: LHB Jon Ventura
|
0-0: Ball 1-0: Ball 2-0: Foul Ball, location: 2F 2-1: Foul Ball, location: 2F 2-2: Ball 3-2: Fly out, F9 (Flyball, 9, EV 86.2 MPH)
|
|
Batting: LHB Brian Wagner
|
0-0: Ball 1-0: Called Strike 1-1: Ball 2-1: Fly out, F7 (Line Drive, 7, EV 93.1 MPH)
|
| Bottom of the 6th over - 0 runs, 0 hits, 0 errors, 0 left on base; West Michigan 1 - Cedar Rapids 6 |
| TOP OF THE 7TH |
|
West Michigan Whitecaps batting - Pitching for Cedar Rapids Kernels : RHP Jason Stout
|
|
Batting: RHB Jon Goldstein
|
0-0: Fly out, F7 (Line Drive, 78M, EV 89.4 MPH)
|
|
Batting: LHB Brad Gaskill
|
0-0: Ball 1-0: Swinging Strike 1-1: Swinging Strike 1-2: Ball 2-2: Foul Ball, location: 2F 2-2: Fly out, F8 (Flyball, 8LXD, EV 94.4 MPH)
|
|
Batting: RHB German Quiroga
|
0-0: Ball 1-0: Swinging Strike 1-1: Ball 2-1: Swinging Strike 2-2: Strikes out swinging
|
| Top of the 7th over - 0 runs, 0 hits, 0 errors, 0 left on base; West Michigan 1 - Cedar Rapids 6 |
| BOTTOM OF THE 7TH |
|
Cedar Rapids Kernels batting - Pitching for West Michigan Whitecaps : RHP Jorge Castaneda
|
|
Batting: LHB Marvin Shepherd
|
0-0: Called Strike 0-1: Called Strike 0-2: Ball 1-2: Ball 2-2: Ball 3-2: Foul Ball, location: 2F 3-2: Strikes out swinging
|
|
Batting: RHB Steve Terrell
|
0-0: Ball 1-0: Ball 2-0: Ball 3-0: Called Strike 3-1: Ground out U3 (Groundball, 34S, EV 68.1 MPH)
|
|
Batting: RHB Rick Kendall
|
0-0: Called Strike 0-1: Ball 1-1: Foul Ball, location: 2F 1-2: Ball 2-2: Foul Ball, location: 2F 2-2: Ball 3-2: Base on Balls
|
|
Pitching: RHP Matt Sturge
|
|
|
Batting: RHB Jeremy Witt
|
0-0: Ball 1-0: Ball 2-0: Called Strike 2-1: Fly out, F8 (Flyball, 78M, EV 85.0 MPH)
|
| Bottom of the 7th over - 0 runs, 0 hits, 0 errors, 1 left on base; West Michigan 1 - Cedar Rapids 6 |
| TOP OF THE 8TH |
|
West Michigan Whitecaps batting - Pitching for Cedar Rapids Kernels : RHP Jason Stout
|
|
Pitching: RHP Cody Bryant
|
|
|
Batting: RHB Joe Zimmerman
|
0-0: Ball 1-0: Swinging Strike 1-1: Foul Ball, location: 2F 1-2: Ground out 6-3 (Groundball, 6, EV 83.8 MPH)
|
|
Batting: LHB Steve Herrera
|
0-0: Called Strike 0-1: Foul Ball, location: 2F 0-2: Strikes out looking
|
|
Batting: RHB Scott Carr
|
0-0: Ball 1-0: Foul Ball, location: 2F 1-1: Foul Ball, location: 2F 1-2: Ball 2-2: Foul Ball, location: 2F 2-2: Strikes out looking
|
| Top of the 8th over - 0 runs, 0 hits, 0 errors, 0 left on base; West Michigan 1 - Cedar Rapids 6 |
| BOTTOM OF THE 8TH |
|
Cedar Rapids Kernels batting - Pitching for West Michigan Whitecaps : RHP Matt Sturge
|
|
Batting: RHB Pat Adams
|
0-0: Ball 1-0: Called Strike 1-1: Foul Ball, location: 2F 1-2: Ball 2-2: Foul Ball, location: 2F 2-2: Strikes out swinging
|
|
Batting: RHB Alexandre Garcia
|
0-0: Ball 1-0: Foul Ball, location: 2F 1-1: Ball 2-1: Foul Ball, location: 2F 2-2: Foul Ball, location: 2F 2-2: Ball 3-2: Ground out 4-3 (Groundball, 4, EV 103.1 MPH)
|
|
Batting: LHB Tomas Espino
|
0-0: Called Strike 0-1: Ball 1-1: Called Strike 1-2: Ball 2-2: Strikes out swinging
|
| Bottom of the 8th over - 0 runs, 0 hits, 0 errors, 0 left on base; West Michigan 1 - Cedar Rapids 6 |
| TOP OF THE 9TH |
|
West Michigan Whitecaps batting - Pitching for Cedar Rapids Kernels : RHP Cody Bryant
|
|
Batting: LHB George Moran
|
0-0: Ball 1-0: Ball 2-0: Called Strike 2-1: Ball 3-1: Fly out, F9 (Line Drive, 89D, EV 92.5 MPH)
|
|
Batting: LHB Dave Carlisle
|
0-0: Called Strike 0-1: Ball 1-1: Ball 2-1: Foul Ball, location: 2F 2-2: Foul Ball, location: 2F 2-2: Foul Ball, location: 2F 2-2: Ball 3-2: Foul Ball, location: 2F 3-2: Foul Ball, location: 2F 3-2: Base on Balls
|
|
Batting: LHB Jamie Christian
|
0-0: Ball 1-0: Ball Balk! Dave Carlisle to second 2-0: Hit by Pitch
|
|
Batting: RHB Jon Goldstein
|
0-0: Swinging Strike 0-1: Fielders Choice at 2nd, 5-4 (Groundball, 56, EV 80.0 MPH) Dave Carlisle to third
|
|
Pitching: LHP Mark Challinor
|
|
|
Pinch Hitting: RHB Yaremka Rzhevsky
|
0-0: Fielders Choice at 2nd, 5-4 (Groundball, 56, EV 99.4 MPH)
|
| Top of the 9th over - 0 runs, 0 hits, 0 errors, 2 left on base; West Michigan 1 - Cedar Rapids 6 |
|